 Dungeon Crawl Stone Soup version 0.30-a0-782-ge64f9170bb (webtiles) character file.

Game seed: 7390977995145855649

231 Flugslaktarn the Chopper (level 5, 0/47 HPs)
             Began as a Minotaur Fighter on Feb 18, 2023.
             Succumbed to a scorpion's poison
             ... on level 4 of the Dungeon.
             The game lasted 00:00:46 (1126 turns).

Flugslaktarn the Chopper (Minotaur Fighter)         Turns: 1126, Time: 00:00:46

Health: 0/47       AC:  9    Str: 20 (23) XL:     5   Next: 73%
Magic:  4/4        EV:  7    Int:  4 (5)  God:
Gold:   54         SH:  4    Dex:  6 (9)  Spells: 4/4 levels left

rFire   . . .      SeeInvis .    a - +0 war axe
rCold   . . .      Faith    .    c - +0 buckler
rNeg    . . .      Spirit   .    g - +0 chain mail
rPois   .          Reflect  .    (helmet restricted)
rElec   .          Harm     .    (no cloak)
rCorr   .          Rampage  .    (no gloves)
Will    .....                    (no boots) Stlth
                                 (no amulet)
HPRegen 0.27/turn                (no ring)
MPRegen 0.09/turn                (no ring)

@: lethally poisoned (0 -> -8), flying
A: horns 2, retaliatory headbutt
a: no special abilities


You were on level 4 of the Dungeon.
You visited 1 branch of the dungeon, and saw 3 of its levels.

You collected 54 gold pieces.

Inventory:

Hand Weapons
 a - a +0 war axe (weapon)
Armour
 b - a +0 scale mail
 c - a +0 buckler (worn)
 g - a +0 chain mail (worn)
   (You found it on level 1 of the Dungeon)
Scrolls
 f - a scroll of magic mapping {unknown}
Potions
 h - a potion of flight


   Skills:
 + Level 4.7 Fighting
 * Level 5.0 Axes
 + Level 4.8 Armour
 + Level 4.7 Shields


You had 4 spell levels left.
You didn't know any spells.
Your spell library was empty.

Dungeon Overview and Level Annotations

Branches:
Dungeon (2/15)

Altars:


Innate Abilities, Weirdness & Mutations

You have a pair of horns on your head.
You reflexively headbutt those who attack you in melee.


Message History

The kobold shouts!
You hear a shout! x2
An orc comes into view. It is wielding a +0 dagger.
You closely miss the jackal.
The jackal bites you but does no damage.
The kobold closely misses you.
You slash the jackal!
You kill the jackal!
You hit the kobold. The kobold barely misses you.
You hit the kobold but do no damage.
The kobold is severely wounded.
You barely miss the scorpion. The kobold misses you.
The scorpion stings you but does no damage.
You slash the kobold!
You kill the kobold!
You hit the scorpion.
The scorpion stings you but does no damage. x2
You closely miss the scorpion. Your headbutt misses the scorpion.
The scorpion is moderately wounded.
You block the scorpion's attack.
An orc comes into view. It is wielding a +0 trident.
An orc comes into view. It is wielding a +0 club.
You closely miss the scorpion.
The scorpion is lightly wounded.
The orc shouts!
You slash the orc!
You kill the orc!
The scorpion stings you.
The orc wizard points at you and mumbles some strange words.
You are confused.
The scorpion stings you but does no damage.
Your Axes skill increases to level 5!
You are too confused!
You are too confused!
You are too confused!
You are too confused!
You are too confused!
You are too confused!
You are too confused!
You are too confused!
You are too confused!
You are too confused!
You are too confused!
You are too confused!
Unknown command.
You bump into the rock wall.
An orc comes into view. It is wielding a +0 flail.
The scorpion stings you but does no damage.
You closely miss the scorpion.
The scorpion is lightly wounded.
The scorpion stings you.
You are poisoned.
The scorpion poisons you!
The orc wizard hits you but does no damage.
The scorpion stings you but does no damage.
You are too confused!
You closely miss the scorpion.
The scorpion is lightly wounded.
You miss the orc wizard.
You feel very sick. The scorpion barely misses you.
The orc wizard hits you with a +0 dagger.
You are too confused!
You slash the scorpion! Your headbutt misses the scorpion.
The scorpion is heavily wounded.
You barely miss the orc wizard.
You feel sick. The scorpion stings you.
The orc hits you from afar with a +0 trident.
The orc wizard points at you and mumbles some strange words.
The puff of flame hits you.
The scorpion stings you but does no damage.
You are too confused!
You bump into the rock wall.
You feel sick. The orc hits you but does no damage. The orc barely misses you.
The orc wizard hits you with a +0 dagger.
The scorpion stings you.
You are more poisoned.
The scorpion poisons you!
You are too injured to fight recklessly!
You are too injured to fight recklessly!
Okay, then.
It was a potion of flight.
You feel very buoyant.
You fly up into the air.
You feel very sick. The scorpion barely misses you. The orc closely misses you.
It was a potion of degeneration.
There was something very wrong with that liquid.
You feel weakened.
You feel dopey.
You feel clumsy.
You feel less confused.
You feel sick. The scorpion barely misses you. The orc barely misses you.
You furiously retaliate!
You headbutt the orc!
You kill the orc!
The orc closely misses you. The orc wizard casts a spell at you.
The magic dart hits you!
* * * LOW HITPOINT WARNING * * *
Unknown command.
You hit the scorpion.
The scorpion is heavily wounded.
You hit the orc wizard. You closely miss the orc.
You die...

.# .# . .. . #. .#
#. #. ##.###
.#.##.####..o.
...(....##s)#####.
#.......##@o......
......#.##o######.
...........#
#.####..#### #..#
# #..#
#.####..#####
#...........#
##.....####.#


You could see a scorpion, an orc wizard and 2 orcs.

Vanquished Creatures
  Duvessa (D:4)
  Dowan (D:4)
  2 gnolls (D:1)
  An adder (D:2)
  A dart slug (D:1)
  2 orcs (D:4)
  4 ball pythons (D:1)
  3 bats
  3 endoplasms
  A giant cockroach (D:1)
  3 goblins
  6 hobgoblins
  11 jackals
  2 kobolds
  5 rats
46 creatures vanquished.

Vanquished Creatures (others)
  A plant (D:1)
1 creature vanquished.

Grand Total: 47 creatures vanquished

Notes
Turn   | Place    | Note
-------+----------+-------------------------------------------
     0 | D:1      | Flugslaktarn the Minotaur Fighter began the quest for the
                  | Orb.
     0 | D:1      | Reached XP level 1. HP: 19/19 MP: 0/0
    82 | D:1      | Reached XP level 2. HP: 27/27 MP: 1/1
   180 | D:1      | Reached skill level 3 in Axes
   230 | D:1      | Reached XP level 3. HP: 30/33 MP: 2/2
   906 | D:2      | Reached XP level 4. HP: 37/40 MP: 3/3
   917 | D:2      | You fall into a shaft and drop 2 floors!
   928 | D:4      | Noticed Duvessa
   929 | D:4      | Noticed Dowan
   941 | D:4      | Killed Duvessa
   942 | D:4      | Reached skill level 4 in Axes
   942 | D:4      | Reached XP level 5. HP: 17/47 MP: 4/4
   943 | D:4      | Killed Dowan
  1119 | D:4      | Reached skill level 5 in Axes
  1125 | D:4      | HP: 1/47 [orc wizard/magic dart (11)]
  1126 | D:4      | Succumbed to a scorpion's poison

Illustrated notes

Levels and vault maps discovered:
D:1:      lemuel_arrival_tunnels, layout_basic, serial_bayou_crossing
D:2:      layout_basic, uniq_robin, uniq_jessica
D:4:      layout_loops_ring, reono_crystal_passage, minmay_goblin_kobold_house,
          uniq_grinder, uniq_duvessa, uniq_natasha

Skill      XL: |  1  2  3  4  5 |
---------------+----------------+-----
Axes           | 3 4 5 |  5.0
Shields        | 4 |  4.7
Fighting       | 4 |  4.7
Armour         | 4 |  4.8

Action                     |  1- 3 |  4- 6 || total
---------------------------+-------+-------++-------
  Melee: War axe           |    70 |    21 ||    91
         Headbutt          |     9 |     1 ||    10
    Use: Potion            |       |     3 ||     3
 Armour: Scale mail        |    20 |       ||    20
         Chain mail        |    41 |    12 ||    53
  Dodge: Dodged            |    40 |    13 ||    53
  Block: Buckler           |    18 |     1 ||    19

Table legend: (Time is in decaauts)
 A = Elapsed time spent in this place.
 B = Non-inter-level travel time spent in this place.
 C = Inter-level travel time spent in this place.
 D = Time resting spent in this place.
 E = Time spent auto-exploring this place.
 F = Levels seen in this place.
 G = Mean time per level.
                   A        B        C        D        E       F      G
               +--------+--------+--------+--------+--------+-----+--------+
         Total |   1167 |   1125 |     42 |    139 |    751 |   3 |  389.0 |
       Dungeon |   1167 |   1125 |     42 |    139 |    751 |   3 |  389.0 |
               +--------+--------+--------+--------+--------+-----+--------+

Top non-repeatable levels by time:
     D:1: 873 daAuts
     D:4: 215 daAuts
     D:2: 78 daAuts
